 Dungeon Crawl Stone Soup version 0.31-a0-430-gf8416d752b (webtiles) character file.

Game seed: 14741025746689636189

789 Ethylacetat the Changeling (level 7, -1/37 HPs)
             Began as a Vine Stalker Shapeshifter on July 31, 2023.
             Slain by a gnoll
             ... wielding a +0 halberd
              (9 damage)
             ... on level 5 of the Dungeon.
             The game lasted 00:04:09 (2137 turns).

Ethylacetat the Changeling (VSSh)                   Turns: 2137, Time: 00:04:10

Health: -1/37      AC:  2    Str: 17    XL:     7   Next: 87%
Magic:  0/8        EV: 12    Int:  8    God:
Gold:   185        SH:  0    Dex: 17    Spells: 6/6 levels left

rFire   . . .        o - +2 short sword (drain)
rCold   . . .        (no shield)
rNeg    . . .        a - +0 animal skin
rPois   .            (helmet currently unavailable)
rElec   .            r - melded +2 cloak
rCorr   .            (gloves currently unavailable)
SInv    .            (boots currently unavailable)
Will    .....        (no amulet)
Stlth   ++           e - +4 ring of slaying
HPRegen 1.06/turn    (no ring)
MPRegen 0.11/turn

%: guardian spirit
@: beast-form
A: beast (slay +4), fangs 2, regeneration 1, magic shield, antimagic bite, no
potion heal 2
a: Begin Untransformation


You were on level 5 of the Dungeon.
You were a hulking beast.
You visited 1 branch of the dungeon, and saw 5 of its levels.

You collected 185 gold pieces.

Inventory:

Hand Weapons
 o - a +2 short sword of draining (weapon)
Armour
 a - a +0 animal skin (worn)
 r - a +2 cloak (melded)
Jewellery
 e - a +4 ring of slaying (left hand)
Talismans
 c - a beast talisman (active)
 m - a maw talisman
Wands
 t - a wand of charming (9)
Scrolls
 h - a scroll of amnesia {unknown}
 i - a scroll of enchant weapon {unknown}
 j - a scroll of immolation {unknown}
 k - 2 scrolls of summoning {unknown}
 l - 3 scrolls of identify {unknown}
 n - 2 scrolls of fog {unknown}
 q - a scroll of noise {unknown}
 s - a scroll of acquirement {unknown}
 u - a scroll of teleportation {unknown}
Potions
 b - 2 potions of lignification
 d - 2 potions of brilliance {unknown}
 f - 2 potions of might {unknown}
 g - a potion of attraction {unknown}
 p - a potion of invisibility {unknown}


   Skills:
 + Level 3.8 Fighting
 - Level 1.8 Dodging
 + Level 5.1 Unarmed Combat
 * Level 5.8 Shapeshifting


You had 6 spell levels left.
You didn't know any spells.
Your spell library contained the following spells:

 Spells                   Type           Power      Damage    Failure   Level
 Portal Projectile        Hex/Tloc       0%         N/A       78%         3
 Tukima's Dance           Hex            0%         N/A       78%         3
 Iskenderun's Mystic Bla  Conj/Tloc      0%         2d3       99%         4


Dungeon Overview and Level Annotations

Branches:
Dungeon (6/15)
 Temple: D:4-7

Altars:
Yredelemnul

Shops:
D:1 ?

Annotations:
D:5 Edmund


Innate Abilities, Weirdness & Mutations

You are a hulking beast.
Your limbs bulge with bestial killing power. (Slay +4)
You have extremely sharp teeth.
Your natural rate of healing is unusually fast.
When hurt, damage is shared between your health and your magic reserves.
Your bite disrupts and absorbs the magic of your enemies.
Potions cannot restore your health.


Message History

The gnoll hits you with a +0 flail!
You are too injured to fight recklessly!
You are too injured to fight recklessly!
You puncture the gnoll!
You kill the gnoll!
The gnoll hits you from afar with a +0 spear.
You puncture the gnoll bouda! You drain the gnoll bouda.
You punch the gnoll bouda.
The gnoll bouda is severely wounded.
The gnoll closely misses you.
The gnoll bouda hits you with a +0 club.
You hit the gnoll bouda. You bite the gnoll bouda. You drain its power.
You feel invigorated.
The gnoll bouda is almost dead.
The gnoll hits you from afar with a +0 spear.
* * * LOW HITPOINT WARNING * * *
The gnoll bouda barks out a call to the hunt!
You puncture the gnoll bouda!
You kill the gnoll bouda!
The gnoll is no longer moving quickly.
The gnoll closely misses you.
A gnoll comes into view. It is wielding a +0 halberd.
Found a dagger.
The gnoll shouts!
The gnoll completely misses you.
Items here: ))))) [ ††.
You barely miss the gnoll. You bite the gnoll! You drain its power.
You feel invigorated.
The gnoll is severely wounded.
A gnoll comes into view. It is wielding a +0 flail.
You hit the gnoll.
You kill the gnoll!
A gnoll comes into view. It is wielding a +0 club.
The gnoll hits you from afar with a +0 halberd!
* * * LOW HITPOINT WARNING * * *
The gnoll hits you from afar with a +0 halberd!
* * * LOW HITPOINT WARNING * * *
Edmund the Younger comes into view.
He is wielding a +2 heavy dire flail.
Edmund shouts!
The gnoll hits you from afar with a +0 halberd!
You die...

.. .... .. #.#@## g##
#.#..# # .. #.##.#.# #.
#.##.#.#
.#.###.##......#
......)).gg..####
.##.#..###...g..######
#.. #.####h.....# ....
#.####.####.# ..#.#
#.#......##.##### #.##.
##.#.##.....>....# ...
..
#.......####.###.#######
.# ## #.##.#..####.#
#....†... #...#
#.##.........# ########.
#...# #.####..#.##.#
#... #...#
##............# #.##


You could see 3 gnolls.

Vanquished Creatures
  A black bear (D:5)
  An ogre (D:5)
  A centaur (D:5)
  A bullfrog (D:5)
  A water moccasin zombie (D:5)
  A gnoll bouda (D:5)
  3 hounds (D:5)
  2 iguanas (D:5)
  2 orc wizards (D:5)
  A hound zombie (D:5)
  9 adders (D:2)
  5 gnolls (D:5)
  An ufetubus (D:5)
  A worm (D:2)
  2 dart slugs
  3 orcs (D:5)
  2 bats
  4 endoplasms
  4 giant cockroaches (D:1)
  5 goblins
  A hobgoblin (D:1)
  4 kobolds
  3 quokkas (D:2)
  7 ball pythons
  A frilled lizard (D:2)
  5 rats
71 creatures vanquished.

Notes
Turn   | Place    | Note
-------+----------+-------------------------------------------
     0 | D:1      | Ethylacetat the Vine Stalker Shapeshifter began the quest
                  | for the Orb.
     0 | D:1      | Reached XP level 1. HP: 9/9 MP: 2/2
    90 | D:1      | Reached skill level 1 in Fighting
   110 | D:1      | Reached XP level 2. HP: 13/14 MP: 3/3
   259 | D:1      | Found Suxky's Magic Scroll Emporium.
   426 | D:1      | Reached XP level 3. HP: 17/18 MP: 4/4
   794 | D:2      | Gained mutation: Your natural rate of healing is unusually
                  | fast. [Vine Stalker growth]
   794 | D:2      | Reached XP level 4. HP: 15/23 MP: 5/5
   941 | D:2      | Found a faded altar of an unknown god.
  1028 | D:2      | Reached XP level 5. HP: 26/26 MP: 6/6
  1589 | D:3      | You fall into a shaft and drop 3 floors!
  1608 | D:5      | Entered Level 5 of the Dungeon
  1639 | D:5      | Noticed a centaur
  1644 | D:5      | Killed a centaur
  1645 | D:5      | Reached XP level 6. HP: 21/32 MP: 3/7
  1782 | D:5      | Noticed a black bear
  1785 | D:5      | Reached skill level 5 in Shapeshifting
  1791 | D:5      | Reached XP level 7. HP: 26/36 MP: 8/8
  1907 | D:5      | Found a basalt altar of Yredelemnul.
  2045 | D:5      | Reached skill level 5 in Unarmed Combat
  2134 | D:5      | Noticed Edmund
  2137 | D:5      | Slain by a gnoll

Illustrated notes

Levels and vault maps discovered:
D:1:      shiori_arrival_whats_in_store_for_you, layout_loops_ring,
          serial_shops, nicolae_shop_back_alley_shop
D:2:      layout_loops_ring, chequers_ecumenical_altar_island,
          minmay_snake_closets
D:3:      layout_rooms, amcnicky_altar_gilded, mainiacjoe_overflow_alcove_1,
          mainiacjoe_overflow_paths, lemuel_tele_altar, nicolae_shop_vocational,
          uniq_terence
D:5:      layout_loops_cross, lemuel_zombie_altar_yredelemnul, uniq_edmund,
          uniq_eustachio
D:6:      layout_cave_pods, uniq_duvessa, uniq_grinder

Skill      XL: |  1  2  3  4  5  6  7 |
---------------+----------------------+-----
Fighting       | 1 2 3 |  3.8
Shapeshifting  | 4 5 |  5.8
Unarmed Combat | 4 5 |  5.1
Dodging        | |  1.8

Action                     |  1- 3 |  4- 6 |  7- 9 || total
---------------------------+-------+-------+-------++-------
  Melee: Unarmed           |    45 |    21 |       ||    66
         Bite              |     8 |    10 |    14 ||    32
         Short sword       |       |    39 |    46 ||    85
         Punch             |       |     1 |     4 ||     5
   Stab: Sleeping          |     1 |     5 |       ||     6
 Armour: Animal skin       |     2 |    10 |     7 ||    19
  Dodge: Dodged            |    23 |    31 |    23 ||    77
         Form:             |       |     1 |       ||     1
         Beast             |       |     1 |       ||     1

Table legend: (Time is in decaauts)
 A = Elapsed time spent in this place.
 B = Non-inter-level travel time spent in this place.
 C = Inter-level travel time spent in this place.
 D = Time resting spent in this place.
 E = Time spent auto-exploring this place.
 F = Levels seen in this place.
 G = Mean time per level.
                   A        B        C        D        E       F      G
               +--------+--------+--------+--------+--------+-----+--------+
         Total |   2145 |   2047 |     98 |      0 |   1619 |   5 |  429.0 |
       Dungeon |   2145 |   2047 |     98 |      0 |   1619 |   5 |  429.0 |
               +--------+--------+--------+--------+--------+-----+--------+

Top non-repeatable levels by time:
     D:2: 945 daAuts
     D:1: 644 daAuts
     D:5: 528 daAuts
     D:6: 18 daAuts
     D:3: 6 daAuts
